 Dungeon Crawl Stone Soup version 0.18.1-47-g9310371 (webtiles) character file.

86 MistressOfTheDunes the Insei (level 4, 0/35 HPs)
             Began as a Mummy Monk on June 23, 2016.
             Slain by a worm (11 damage)
             ... on level 2 of the Dungeon.
             The game lasted 00:03:42 (3858 turns).

MistressOfTheDunes the Insei (Mummy Monk)           Turns: 3858, Time: 00:03:43

Health: 0/35       AC:  0    Str: 14    XL:     4   Next: 26%
Magic:  4/4        EV: 13    Int:  6    God:
Gold:   134        SH:  0    Dex: 15    Spells: 0 memorised, 3 levels left

rFire  x . .     SeeInvis .       - Unarmed
rCold  + . .     Gourm    .     (no armour)
rNeg   + + +     Faith    .     (no shield)
rPois  ∞         Spirit   .     (no helmet)
rElec  .         Dismiss  .     (no cloak)
rCorr  .         Reflect  .     (no gloves)
SustAt .         Harm     .     (no boots)
MR     .....                    (no amulet)
Stlth  ++........               (no ring)
                                e - -3 ring of intelligence (curse)

@: not resistant to hostile enchantments, unstealthy
A: no food or potions, fire vulnerability, cold resistance 1, negative energy
resistance 3, torment resistance, unbreathing
a: no special abilities


You were on level 2 of the Dungeon.
You were not hungry.

You visited 1 branch of the dungeon, and saw 2 of its levels.

You collected 134 gold pieces.


Innate Abilities, Weirdness & Mutations

You do not eat or drink.
Your flesh is vulnerable to fire.
You are immune to poison.
Your flesh is cold resistant.
You are immune to negative energy.
You are immune to unholy pain and torment.
You can survive without breathing.


   Skills:
 - Level 3.0 Fighting
 - Level 2.4 Dodging
 - Level 1.5 Stealth
 + Level 4.8 Unarmed Combat


You had 3 spell levels left.
You didn't know any spells.

Inventory:

Missiles
 c - 33 poisoned needles (quivered)
Jewellery
 e - a cursed -3 ring of intelligence (left hand)
Scrolls
 a - 3 scrolls of remove curse {unknown}
 b - a scroll of random uselessness {unknown}
 d - a scroll of fog {unknown}

Dungeon Overview and Level Annotations

Branches:
Dungeon (2/15)

Altars:
Okawaru
Yredelemnul

▒▒▒▒▒▒▒▒▒▒▒
▒.........▒
▒.........▒
▒......Mw.▒
▒.........▒
▒.£.......▒
▒▒▒▒▒▒▒▒▒▒▒▒.▒.▒▒▒▒▒
.............▒.▒
.........▒▒▒▒▒.▒
.........▒ ▒.▒
.........▒ ▒.▒
.▒▒▒..▒▒▒▒ ▒.▒


You could see a worm.


Message History

You are too injured to fight recklessly!!!
You are too injured to fight recklessly!!!
You are too injured to fight recklessly!!!
You are too injured to fight recklessly!!!
You are too injured to fight recklessly!!!
You are too injured to fight recklessly!!!
You are too injured to fight recklessly!!!
You are too injured to fight recklessly!!!
You are too injured to fight recklessly!!!
You are too injured to fight recklessly!!!
You are too injured to fight recklessly!!!
You are too injured to fight recklessly!!!
You are too injured to fight recklessly!!!
You are too injured to fight recklessly!!!
You are too injured to fight recklessly!!!
You pound the worm into fine dust!
The worm is severely wounded!
You squash the worm but do no damage!
The worm is severely wounded!
The worm barely misses you!
You squash the worm like an ant!
The worm is severely wounded!
The worm bites you!!! * * * don't die
* * * You pummel the worm like a punching bag!
The worm is severely wounded!
You barely miss the worm!
The worm is severely wounded!
The worm bites you!!! rip

Action                   |  1- 3 |  4- 6 || total
-------------------------+-------+-------++-------
Melee: Unarmed           |   150 |    68 ||   218
       Punch             |     1 |       ||     1
 Stab: Sleeping          |     2 |       ||     2
Dodge: Dodged            |   151 |    61 ||   212

Vault maps used:
D:1:      evilmike_arrival_sounds_zot
D:2:      yredelemnul_altar_generic, okawaru_trees_2

Notes
Turn   | Place    | Note
--------------------------------------------------------------
     0 | D:1      | MistressOfTheDunes the Mummy Monk began the quest for the Orb.
     0 | D:1      | Reached XP level 1. HP: 18/18 MP: 1/1
   379 | D:1      | Reached XP level 2. HP: 16/24 MP: 2/2
   883 | D:1      | You fall through a shaft!
   883 | D:2      | Found a basalt altar of Yredelemnul.
   896 | D:1      | Reached skill level 4 in Unarmed Combat
  1411 | D:1      | HP: 2/24 [giant newt (3)]
  1412 | D:1      | Reached XP level 3. HP: 2/29 MP: 3/3
  3274 | D:1      | Reached XP level 4. HP: 22/35 MP: 4/4
  3799 | D:2      | Found an iron altar of Okawaru.
  3858 | D:2      | Slain by a worm

Vanquished Creatures
  3 adders (D:1)
  A dart slug (D:2)
  A worm (D:2)
  3 giant geckos (D:2)
  4 giant cockroaches
  2 goblins
  A hobgoblin (D:1)
  10 jackals
  8 kobolds (D:1)
  A quokka (D:1)
  A ball python (D:1)
  9 bats
  3 giant newts (D:1)
  3 rats
50 creatures vanquished.
